 Dungeon Crawl Stone Soup version 0.24.1-8-ga250c9d538 (webtiles) character file.

Game seed: 5834633570307801986, levelgen mode: deterministic

26615 Atelerd the Tainter (level 13, 0/77 HPs)
             Began as an Octopode Wizard on May 3, 2020.
             Was an Elder of Sif Muna.
             Slain by a minotaur
             ... wielding the cursed +2 flail "Lorem Ipsum" {freeze, *Drain rElec rF++ MR+}
              (16 damage)
             ... in a Gauntlet on May 4, 2020.
             The game lasted 01:42:31 (26025 turns).

Atelerd the Tainter (Octopode Wizard)              Turns: 26025, Time: 01:42:31

Health: 0/77       AC:  3    Str:  4 (7)  XL:     13   Next: 27%
Magic:  25/35      EV: 21    Int: 27 (30) God:    Sif Muna [****..]
Gold:   354        SH:  0    Dex: 11 (13) Spells: 4/31 levels left

rFire    + + .     SeeInvis .   J - +4 long sword (freeze)
rCold    . . .     Gourm    .   (no shield)
rNeg     + . .     Faith    +   G - +2 hat {MR+}
rPois    +         Spirit   .   u - amulet of faith
rElec    .         Reflect  .   d - +6 ring of evasion
rCorr    .         Harm     .   B - ring of positive energy
MR       ++...     NoTele   +   I - ring of wizardry
Stlth    ++++......             H - ring of protection from fire
HPRegen  0.22/turn              N - ring of Tiafim {*Corrode rPois rC+ MR+ Dex+3}
MPRegen  0.24/turn              O - ring of magical power
                                P - ring of flight (curse)
                                t - ring of fire

@: brilliant
A: almost no armour, stealthy swim, amphibious, 8 rings, constrict 8, camouflage
1, gelatinous body 1
a: Channel Magic, Forget Spell, Divine Exegesis, Renounce Religion, Evoke Flight


You were in a Gauntlet.
You worshipped Sif Muna.
Sif Muna was greatly pleased with you.
You were not hungry.

You visited 3 branches of the dungeon, and saw 18 of its levels.
You also visited: Ossuary, Gauntlet and Ice Cave.

You collected 890 gold pieces.
You spent 536 gold pieces at shops.

Inventory:

Hand Weapons
 g - a +7 dagger of speed
 F - the +9 heavy crossbow "Sniper" {velocity, Acc+∞ SInv}
   (You found it on level 7 of the Dungeon)

   Any bolt fired from it inflicts extra damage.
   It lets you see invisible.
 J - a +4 long sword of freezing (weapon)
 M - the +3 glaive of the Dwarven Hall {speed, Str+4}
   (You found it in an ice cave)

   Attacks with this weapon are significantly faster.
   It affects your strength (+4).
 Q - the +3 scimitar "Qetualobb" {slice, +Rage rC- Int+8 Dex-2}
   (You found it in an ice cave)

   It inflicts extra damage upon your enemies.
   It affects your intelligence (+8).
   It affects your dexterity (-2).
   It makes you vulnerable to cold.
   It lets you go berserk.
Missiles
 k - 73 bolts
Armour
 G - a +2 hat of magic resistance (worn)
Magical Staves
 a - an uncursed staff of cold
 C - an uncursed staff of wizardry
Jewellery
 d - a +6 ring of evasion (left tentacle)
 t - a ring of fire (on tentacle)
 u - an amulet of faith (around mantle)
 B - a ring of positive energy (right tentacle)
 H - a ring of protection from fire (on tentacle)
 I - a ring of wizardry (on tentacle)
 N - the ring of Tiafim (on tentacle) {*Corrode rPois rC+ MR+ Dex+3}
   (You bought it in a shop on level 11 of the Dungeon)

   [ring of dexterity]

   It affects your dexterity (+3).
   It protects you from cold.
   It protects you from poison.
   It affects your resistance to hostile enchantments.
   It may corrode you when you take damage.
 O - a ring of magical power (on tentacle)
 P - a cursed ring of flight (on tentacle)
 R - the ring "Wejaineq" {rPois MR+ Dex+3 Stlth+, unknown}
   (You found it in a Gauntlet)

   [ring of stealth]

   It affects your dexterity (+3).
   It protects you from poison.
   It affects your resistance to hostile enchantments.
   It makes you more stealthy.
 T - the ring "Hysu" {*Contam rElec rN+ Str+3 Stlth-, unknown}
   (You found it in a Gauntlet)

   [ring of attention]

   It affects your strength (+3).
   It insulates you from electricity.
   It protects you from negative energy.
   It causes magical contamination when unequipped.
   It makes you less stealthy.
Wands
 w - a wand of clouds (14)
 D - a wand of paralysis (16)
 L - a wand of random effects (8)
Scrolls
 b - 5 scrolls of teleportation
 f - 3 scrolls of fog
 p - 3 scrolls of amnesia
 r - 2 scrolls of immolation
 s - 3 scrolls of enchant weapon
 v - 8 scrolls of remove curse
 y - 2 scrolls of noise
 A - 3 scrolls of holy word
 K - 2 scrolls of blinking
 S - a scroll of fear
Potions
 h - 6 potions of curing
 j - 3 potions of heal wounds
 l - 3 potions of agility
 m - 4 potions of lignification
 n - 2 potions of brilliance
 o - 2 potions of cancellation
 q - 2 potions of mutation
 x - a potion of flight
 z - 2 potions of might
 E - a potion of ambrosia {unknown}
Miscellaneous
 e - a lamp of fire
Comestibles
 c - 19 rations


   Skills:
 - Level 3.1 Fighting
 - Level 2.0 Long Blades
 - Level 5.0 Dodging
 - Level 7.0 Stealth
 + Level 9.8 Spellcasting
 + Level 10.0 Conjurations
 - Level 6.0 Summonings
 - Level 1.0 Translocations
 * Level 5.3 Fire Magic
 - Level 3.0 Ice Magic
 - Level 2.0 Air Magic
 - Level 10.7 Poison Magic
 + Level 9.0 Invocations
 - Level 2.1 Evocations


You had 4 spell levels left.
You knew the following spells:

 Your Spells              Type           Power        Failure   Level  Hunger
a - Magic Dart            Conj           ####         1%          1    None
b - Mephitic Cloud        Conj/Pois/Air  ######..     1%          3    None
c - Blink                 Tloc           N/A          1%          2    None
d - Venom Bolt            Conj/Pois      ######....   1%          5    ####...
e - Summon Lightning Spi  Summ/Air       ######..     1%          4    None
f - Fireball              Conj/Fire      #######...   1%          5    ####...
g - Ignite Poison         Fire/Tmut/Pois ######..     1%          3    None
h - Summon Ice Beast      Ice/Summ       ######..     1%          4    None

Your spell library contained the following spells:

 Spells                   Type           Power        Failure   Level  Hunger
 Animate Skeleton         Necr           N/A          1%          1    None
 Apportation              Tloc           ####..       1%          1    None
 Confusing Touch          Hex            ####..       1%          1    None
 Summon Small Mammal      Summ           ####         1%          1    None
 Call Imp                 Summ           ######..     1%          2    None
 Slow                     Hex            ####....     1%          2    None
 Call Canine Familiar     Summ           ######..     1%          3    None
 Conjure Flame            Conj/Fire      #######.     1%          3    None
 Summon Guardian Golem    Hex/Summ       #####...     1%          3    None
 Throw Icicle             Conj/Ice       ######..     1%          4    None
 Iskenderun's Battlesphe  Conj/Chrm      ######..     1%          5    ####...
 Bolt of Fire             Conj/Fire      #######...   3%          6    #####..
 Hydra Form               Tmut           ####......   50%         6    #####..
 Ring of Flames           Chrm/Fire      ######....   69%         7    #######
 Ignition                 Fire           ######....   92%         8    #######


Dungeon Overview and Level Annotations

Branches:
Dungeon (13/15)            Temple (1/1) D:6            Lair (4/6) D:11
  Swamp (0/4) Lair:3        Snake (0/4) Lair:4          Orc (0/2) D:11
Ossuary (visited)           IceCv (visited)         Gauntlet (1/1)
 Vaults: D:13-14

Altars:
Ashenzari
Cheibriados
Dithmenos
Elyvilon
Fedhas
Gozag
Hepliaklqana
Kikubaaqudgha
Makhleb
Nemelex Xobeh
Okawaru
Qazlal
Ru
Sif Muna
Trog
Uskayaw
Vehumet
Wu Jian
Xom
Yredelemnul
Zin
The Shining One
Beogh

Shops:
D:8 (   D:10 *   D:11 =

Annotations:
D:1 exclusion: downstairs
D:2 exclusion: 2 downstairs
D:4 Menkaure
D:7 exclusion: 2 downstairs
D:8 exclusion: downstairs
D:10 exclusions: Gastronok, 2 downstairs and ice beast
D:12 exclusion: downstairs
D:13 Jorgrun, Snorg
Lair:1 exclusion: downstairs
Lair:2 exclusion: 2 downstairs Gauntlet 8 transporters, exclusion: orange crystal statue


Innate Abilities, Weirdness & Mutations

You cannot wear most types of armour.
You are very stealthy in the water. (Stealth+)
You are amphibious.
You can wear up to eight rings at the same time.
You can use your tentacles to constrict eight enemies at once.
Your skin changes colour to match your surroundings (Stealth+).
Your rubbery body absorbs attacks. (AC +1, EV +1)


Message History

The bolt of electricity hits the minotaur.
The minotaur resists.
The bolt of electricity hits the minotaur.
The minotaur resists.
Your lightning spire shoots out a bolt of lightning at the minotaur!
The bolt of electricity hits the minotaur.
The minotaur resists.
The bolt of electricity hits the minotaur.
The minotaur resists.
Casting: Venom Bolt (safe; 1% risk of failure)
Confirm with . or Enter, or press ? or * to list all spells.
You blink.
Casting: Blink (safe; 1% risk of failure)
Confirm with . or Enter, or press ? or * to list all spells.
You blink.
The minotaur hits you with the cursed +2 flail "Lorem Ipsum" {freeze, *Drain rElec rF++ MR+}!!!
Ouch! That really hurt!
* * * LOW HITPOINT WARNING * * *
The minotaur freezes you!
You die...

#..#..##§.#..§§#
#...#.....#..§##
###########...≈#
..............############
.....8.....8.####8....§..#
.............§##..###.##.#
.#########...##......... 8#
.#Y.Y.YYY#...#....#.#.....#
##..##.YY#...#§8@.#.#.#######
.##..##Yp#...#.H..# ..#8.8[8}
©###^©##Y#.8.#.8©!###.'..H...
.#.##..###...#....#(..#
##..##..##...#.8©.#.#.#####
.#.......#...#....#.#.....#
.#########...##.....((...8#
............§≈##..###.##.##
.....8.....8§####....(...#


You could see a minotaur and a friendly lightning spire.

Vanquished Creatures
  A great orb of eyes (Gauntlet)
  2 hydras
  A two-headed ogre (D:9)
  Erica (D:11)
  Urug (D:10)
  Sonja (Lair:1)
  An unseen horror (D:12)
  An ugly thing (Gauntlet)
  An ice statue (IceCv)
  A centaur skeleton (D:11)
  2 spiny frogs
  2 rime drakes
  3 komodo dragons
  A hornet (shapeshifter) (D:8)
  A hornet (D:12)
  A queen bee (Lair:2)
  Prince Ribbit (D:5)
  A bog body (Lair:3)
  2 hippogriffs
  3 slime creatures (D:9)
  A wyvern (Lair:2)
  13 yaks
  2 basilisks
  A hungry ghost (D:8)
  Edmund (D:4)
  4 water moccasins
  A small abomination (Gauntlet)
  5 porcupines
  Duvessa (D:4)
  3 ice beasts
  4 orc warriors
  2 sky beasts
  2 black bears
  A hornet zombie (D:9)
  A necrophage (D:7)
  3 ogres
  4 crocodiles
  6 wolves (Lair:3)
  2 centaurs
  2 big kobolds
  Blork the orc (D:4)
  11 bullfrogs
  Dowan (D:4)
  A water moccasin zombie (D:9)
  2 wyvern skeletons
  24 killer bees
  3 electric eels
  A howler monkey (D:7)
  6 wights (D:8)
  4 crimson imps
  A bullfrog zombie (D:12)
  3 draconian simulacra (IceCv)
  Crazy Yiuf (D:2)
  5 hounds
  2 jellies
  7 orc priests
  A bullfrog skeleton (D:12)
  Terence (D:3)
  Jessica (D:2)
  11 orc wizards
  A troll simulacrum (IceCv)
  4 worker ants
  A killer bee zombie (D:9)
  2 mummies
  A howler monkey zombie (D:11)
  3 worker ant zombies
  4 naga simulacra (IceCv)
  15 adders
  A howler monkey skeleton (D:6)
  2 ogre simulacra (IceCv)
  A shadow imp (D:4)
  2 oozes
  An adder skeleton (D:8)
  An adder zombie (D:8)
  5 worms
  2 dart slugs
  6 leopard geckos
  54 orcs
  A ball python (D:1)
  11 giant cockroaches
  19 goblins
  11 hobgoblins
  15 jackals
  14 kobolds
  2 quokkas
  5 bats
  3 frilled lizards
  5 gnoll skeletons (Ossuary)
  7 kobold skeletons (Ossuary)
  13 orc skeletons (Ossuary)
  11 rats
397 creatures vanquished.

Vanquished Creatures (collateral kills)
  Gastronok (D:10)
  Josephine (D:10)
  Fannar (D:10)
  A hydra (D:12)
  A two-headed ogre (D:9)
  A necromancer (IceCv)
  An oklob plant (Lair:1)
  2 ugly things
  A manticore (D:11)
  An ice statue (IceCv)
  A gargoyle (D:12)
  2 spiny frogs (Lair:1)
  9 ice devils (IceCv)
  A komodo dragon (Lair:1)
  2 hippogriffs
  4 wraiths (D:10)
  A basilisk (D:9)
  3 porcupines (Lair:1)
  2 soldier ants (D:12)
  4 ice beasts
  2 orc warriors (D:9)
  A phantom (D:10)
  An ogre (D:9)
  A crocodile (Lair:2)
  10 centaurs
  A wight (D:8)
  A crimson imp (D:11)
  An orc priest (D:11)
  3 orc wizards
  A worker ant (D:9)
  A hound skeleton (D:11)
  An adder (D:9)
  5 orcs
  A kobold (D:9)
  A plant (Lair:1)
71 creatures vanquished.

Vanquished Creatures (others)
  A bullfrog (Lair:2)
  An iguana (D:6)
  A plant (Lair:4)
  A withered plant (Gauntlet)
4 creatures vanquished.

Grand Total: 472 creatures vanquished

Notes
Turn   | Place    | Note
-------+----------+-------------------------------------------
     0 | D:1      | Atelerd the Octopode Wizard began the quest for the Orb.
     0 | D:1      | Reached XP level 1. HP: 11/11 MP: 4/4
   233 | D:1      | Reached XP level 2. HP: 10/17 MP: 0/6
   566 | D:1      | Reached XP level 3. HP: 20/21 MP: 4/7
   578 | D:1      | Learned a level 3 spell: Mephitic Cloud
   581 | D:1      | Learned a level 2 spell: Blink
  1279 | D:2      | Noticed Jessica
  1298 | D:2      | Killed Jessica
  1298 | D:2      | Reached XP level 4. HP: 16/27 MP: 4/9
  2127 | D:2      | Reached XP level 5. HP: 22/31 MP: 0/10
  2463 | D:2      | Found a runed translucent door.
  2464 | D:2      | Noticed Crazy Yiuf
  2544 | D:2      | Learned a level 3 spell: Conjure Flame
  2875 | D:2      | Killed Crazy Yiuf
  2875 | D:2      | Reached skill level 1 in Poison Magic
  2994 | D:3      | Found a blossoming altar of Fedhas.
  3302 | D:3      | Found a shattered altar of Ashenzari.
  3313 | D:3      | Noticed Terence
  3447 | D:3      | Reached XP level 6. HP: 36/36 MP: 2/12
  4073 | D:3      | Killed Terence
  4408 | D:4      | Noticed Blork the orc
  4412 | D:4      | Killed Blork the orc
  4412 | D:4      | Reached skill level 5 in Conjurations
  4412 | D:4      | Reached XP level 7. HP: 9/41 MP: 6/13
  4718 | D:4      | Noticed Menkaure
  5002 | D:4      | Noticed Edmund
  5014 | D:4      | Killed Edmund
  5154 | D:4      | Noticed Duvessa
  5156 | D:4      | Noticed Dowan
  5174 | D:4      | Killed Duvessa
  5174 | D:4      | Reached skill level 5 in Poison Magic
  5186 | D:4      | Killed Dowan
  5186 | D:4      | Reached XP level 8. HP: 41/46 MP: 3/15
  5437 | D:4      | Found a basalt altar of Yredelemnul.
  5709 | D:5      | Entered Level 5 of the Dungeon
  5771 | D:5      | Reached skill level 5 in Spellcasting
  6129 | D:5      | Found a sand-covered staircase.
  6162 | Ossuary  | Entered an ossuary
  6162 | Ossuary  | Noticed a wraith
  6162 | Ossuary  | Noticed a wraith
  6162 | Ossuary  | Noticed a wraith
  6544 | Ossuary  | Noticed a wraith
  6878 | D:5      | Noticed Prince Ribbit
  6884 | D:5      | Killed Prince Ribbit
  6884 | D:5      | Reached skill level 1 in Fighting
  6884 | D:5      | Reached skill level 1 in Evocations
  7241 | D:5      | Found an ancient bone altar of Kikubaaqudgha.
  7458 | D:6      | Found a staircase to the Ecumenical Temple.
  7470 | Temple   | Entered the Ecumenical Temple
  7569 | D:6      | Found a white marble altar of Elyvilon.
  7579 | D:6      | Reached XP level 9. HP: 54/54 MP: 17/17
  7687 | D:6      | Found a glowing silver altar of Zin.
  7709 | D:6      | Found a radiant altar of Vehumet.
  8651 | D:7      | Found a stormy altar of Qazlal.
  9133 | D:7      | Found the +9 heavy crossbow "Sniper" {velocity, Acc+∞ SInv}
  9746 | D:8      | Noticed a hornet
  9746 | D:8      | a shapeshifter changed into a hornet
  9748 | D:8      | Killed a hornet
  9750 | D:8      | Reached skill level 10 in Poison Magic
  9782 | D:8      | Reached XP level 10. HP: 60/60 MP: 4/20
  9998 | D:8      | Found a shimmering blue altar of Sif Muna.
 10004 | D:8      | Became a worshipper of Sif Muna the Loreminder
 10138 | D:8      | Reached skill level 1 in Invocations
 10629 | D:8      | Found a burning altar of Makhleb.
 10651 | D:8      | Found a glowing golden altar of the Shining One.
 10696 | D:8      | Learned a level 4 spell: Summon Lightning Spire
 10951 | D:8      | Found Otopsov's Weapon Boutique.
 12047 | D:9      | Reached * piety under Sif Muna
 12157 | D:9      | Found a snail-covered altar of Cheibriados.
 12160 | D:9      | Noticed a two-headed ogre
 12272 | D:9      | Killed a two-headed ogre
 12562 | D:9      | Reached skill level 5 in Stealth
 12968 | D:9      | Noticed a two-headed ogre
 13024 | D:9      | Killed a two-headed ogre
 13412 | D:9      | Reached XP level 11. HP: 67/67 MP: 8/22
 13413 | D:9      | Reached skill level 5 in Invocations
 13435 | D:9      | Reached skill level 1 in Long Blades
 14019 | D:10     | Entered Level 10 of the Dungeon
 14182 | D:10     | Found Pucvikagg's Assorted Antiques.
 14188 | D:10     | Bought a scroll labeled FOETUN FUBRUMP for 28 gold pieces
 14231 | D:10     | Noticed Gastronok
 14246 | D:11     | Noticed a manticore
 14250 | D:11     | Killed a manticore
 14354 | D:11     | Noticed Fannar
 14354 | D:11     | Noticed Erica
 14448 | D:10     | Learned a level 4 spell: Summon Ice Beast
 14460 | D:10     | Killed Gastronok
 14504 | D:10     | Reached skill level 5 in Summonings
 14514 | D:10     | Noticed Josephine
 14536 | D:10     | Killed Josephine
 14972 | D:10     | Noticed Urug
 15006 | D:10     | Killed Urug
 15642 | D:10     | Killed Fannar
 15769 | D:11     | Noticed a purple ugly thing
 15897 | D:11     | Reached ** piety under Sif Muna
 16279 | D:11     | Found a staircase to the Orcish Mines.
 16479 | D:11     | Found a roughly hewn altar of Beogh.
 16511 | D:11     | Killed Erica
 16661 | D:10     | Reached skill level 1 in Ice Magic
 16816 | D:10     | Reached skill level 1 in Air Magic
 17215 | D:11     | Found a staircase to the Lair.
 17329 | D:11     | Killed a purple ugly thing
 17507 | D:11     | Found a snail-covered altar of Cheibriados.
 17560 | D:11     | Found Idaufrux's Jewellery Shop.
 17563 | D:11     | Bought the ring of Tiafim {*Corrode rPois rC+ MR+ Dex+3}
                  | for 508 gold pieces
 17737 | D:12     | Reached *** piety under Sif Muna
 17744 | D:12     | Noticed an unseen horror
 17761 | D:12     | Killed an unseen horror
 17761 | D:12     | Reached XP level 12. HP: 20/72 MP: 7/24
 17969 | D:12     | Found a frozen archway.
 17978 | IceCv    | Entered an ice cave
 21175 | IceCv    | Got a warped glaive
 21177 | IceCv    | Got a bloodstained scimitar
 21693 | D:12     | Identified the +3 scimitar "Qetualobb" {slice, +Rage rC-
                  | Int+8 Dex-2} (You found it in an ice cave)
 21815 | D:12     | Noticed an eight-headed hydra
 21833 | D:12     | Killed an eight-headed hydra
 22264 | D:13     | Noticed Jorgrun
 22266 | D:13     | Noticed Snorg
 22318 | Lair:1   | Entered Level 1 of the Lair of Beasts
 22477 | Lair:1   | Reached **** piety under Sif Muna
 22881 | Lair:1   | Learned a level 5 spell: Fireball
 22885 | Lair:1   | Learned a level 3 spell: Ignite Poison
 23146 | Lair:1   | Identified a scroll of acquirement
 23258 | Lair:1   | Noticed Sonja
 23264 | Lair:1   | Killed Sonja
 23264 | Lair:1   | Reached skill level 1 in Fire Magic
 23563 | Lair:2   | Noticed a seven-headed hydra
 23649 | Lair:2   | Killed a seven-headed hydra
 23872 | Lair:2   | Identified the +3 glaive of the Dwarven Hall {speed, Str+4}
                  | (You found it in an ice cave)
 23980 | Lair:2   | Reached skill level 5 in Dodging
 23988 | Lair:2   | Reached XP level 13. HP: 72/77 MP: 5/26
 24797 | Lair:3   | Reached ***** piety under Sif Muna
 24803 | Lair:3   | Identified Sif Muna's Guide on Unstable Confrontation (Sif
                  | Muna gifted it to you on level 3 of the Lair of Beasts)
 24803 | Lair:3   | Received a gift from Sif Muna
 24813 | Lair:3   | Learned a level 5 spell: Venom Bolt
 25046 | Lair:3   | Found a staircase to the Swamp.
 25118 | Lair:3   | You fall into a shaft and drop 1 floor!
 25144 | Lair:4   | Reached skill level 10 in Conjurations
 25144 | Lair:4   | Reached skill level 5 in Fire Magic
 25268 | Lair:4   | Found a gate leading to a gauntlet.
 25279 | Gauntlet | Entered a Gauntlet
 25279 | Gauntlet | Found a transporter.
 25288 | Gauntlet | Found a transporter.
 25300 | Gauntlet | Noticed a great orb of eyes
 25304 | Gauntlet | Found a transporter.
 25305 | Gauntlet | Found a transporter.
 25318 | Gauntlet | Found a transporter.
 25336 | Gauntlet | Found a transporter.
 25339 | Gauntlet | Found a transporter.
 25343 | Gauntlet | Found a transporter.
 25372 | Gauntlet | Found a transporter.
 25374 | Gauntlet | Found a transporter.
 25377 | Gauntlet | Found a transporter.
 25391 | Gauntlet | Found a transporter.
 25531 | Gauntlet | Killed a great orb of eyes
 25734 | Gauntlet | Got a faintly glowing granite ring
 25738 | Gauntlet | Got a slimy lead ring
 25963 | Gauntlet | Identified the cursed +2 flail "Lorem Ipsum" {freeze,
                  | *Drain rElec rF++ MR+}
 25963 | Gauntlet | Identified the +11 gold dragon scales of Weightlessness
                  | {rPois rF+ rC+ Slay+2}
 25963 | Gauntlet | Noticed a minotaur
 26025 | Gauntlet | Slain by a minotaur

Levels and vault maps discovered:
D:1:      minmay_arrival_split_and_join, layout_basic
D:2:      layout_basic, uniq_crazy_yiuf_cottage, uniq_jessica
D:3:      layout_rooms, ashenzari_altar_1, fedhas_altar_1, uniq_terence
D:4:      layout_basic, marbit_many_paths, minmay_goblin_kobold_house,
          uniq_menkaure, uniq_edmund, uniq_blork_the_orc, uniq_duvessa
D:5:      layout_basic, lemuel_coloured_pillars_altar, first_ration,
          lightli_ossuary_entry_decrepit_ruins, uniq_prince_ribbit1
D:6:      layout_basic, fiery_altar_vehumet, lemuel_doored_altar,
          elyvilon_altar_5, minmay_temple_entry_arrows
D:7:      layout_gridville, nicolae_qazlal_general_emergency
D:8:      layout_loops_ring, kennysheep_mini_moat, led_sif_pool,
          makhleb_heckhound_becter, serial_shops, shop, serial_undead,
          serial_undead_d, serial_undead_b, serial_undead_d, serial_undead_a
D:9:      cheibrodos_helix_gallery, layout_irregular_city, lemuel_round_altar,
          grunt_ogre_cave
D:10:     layout_loops_corners, serial_shops, nicolae_shop_crystal,
          minmay_misc_feat_tower, uniq_josephine, uniq_gastronok, uniq_urug
D:11:     layout_cave_pools, lair_entry_dummy, minmay_orc_entry_temple_small,
          serial_shops, nicolae_shop_behind_doors,
          eino_small_chamber_without_monster, cheibriados_altar_1, uniq_erica,
          uniq_fannar
D:12:     layout_cave_pods, portal_ice_cave_entry_pillars_1
D:13:     layout_basic, serial_shops, nicolae_shop_window_shopping, shop,
          shop_fountains, shop, uniq_kirke, uniq_jorgrun, uniq_snorg
Temple:   eino_wide_crystal_templ
Lair:1:   layout_roguey, grunt_megastairs_3, minmay_lair_oklob_chamber,
          uniq_sonja
Lair:2:   layout_gridlike, special_room [special_room_bee]
Lair:3:   layout_chaotic_city, skrybe_swamp_entry_bodies, wad_woods_road_03,
          serial_bayou_pond_d, lemuel_fruit_tree
Lair:4:   layout_gridlike, minmay_snake_entry_guardpost_small,
          gauntlet_entry_generic, grunt_megastairs_4
Gauntlet: minmay_gauntlet_mixed_oops_all_seconds
          [minmay_gauntlet_arena_77_two_paths,
          gammafunk_gauntlet_arena_split_diamond,
          minmay_gauntlet_arena_77_p_blocks, nicolae_gauntlet_arena_blocks,
          minmay_gauntlet_arena_77_two_lines, gammafunk_gauntlet_arena_teeth,
          nicolae_gauntlet_exit_dead_adventurers]

Skill      XL: |  1  2  3  4  5  6  7  8  9 10 11 12 13 |
---------------+----------------------------------------+-----
Conjurations   | 2 3 4 5 6 7 8 9 10 | 10.0
Poison Magic   | 2 3 5 7 10 | 10.7
Spellcasting   | 4 5 7 8 9 |  9.8
Stealth        | 4 5 7 |  7.0
Fighting       | 1 2 3 |  3.1
Evocations     | 1 2 |  2.1
Invocations    | 4 7 8 9 |  9.0
Summonings     | 4 6 |  6.0
Long Blades    | 2 |  2.0
Ice Magic      | 1 3 |  3.0
Air Magic      | 2 |  2.0
Dodging        | 5 |  5.0
Fire Magic     | 3 5 |  5.3
Translocations | |  1.0

Action                   |  1- 3 |  4- 6 |  7- 9 | 10-12 | 13-15 || total
-------------------------+-------+-------+-------+-------+-------++-------
Melee: Unarmed           |     4 |       |       |       |       ||     4
       Constrict         |     5 |    37 |    43 |    58 |    12 ||   155
       Dagger            |    24 |       |       |    10 |       ||    34
       Tentacles         |     3 |    12 |    21 |    59 |    13 ||   108
       Club              |       |    64 |       |       |       ||    64
       Quarterstaff      |       |    61 |   159 |    14 |       ||   234
       Long sword        |       |       |       |   249 |    49 ||   298
 Fire: Heavy crossbow    |       |       |       |     2 |       ||     2
 Cast: Magic Dart        |    54 |    72 |   132 |   300 |    11 ||   569
       Mephitic Cloud    |       |    21 |    16 |    83 |    25 ||   145
       Blink             |       |     7 |     2 |    21 |    20 ||    50
       Conjure Flame     |       |     7 |    29 |    59 |       ||    95
       Summon Lightning  |       |       |       |    69 |     8 ||    77
       Summon Ice Beast  |       |       |       |    81 |    18 ||    99
       Ignite Poison     |       |       |       |    13 |     7 ||    20
       Fireball          |       |       |       |     3 |    12 ||    15
       Venom Bolt        |       |       |       |       |     5 ||     5
Invok: Channel Magic     |       |       |       |     7 |     6 ||    13
       Forget Spell      |       |       |       |     1 |       ||     1
Evoke: Wand              |       |       |     4 |    25 |       ||    29
  Use: Scroll            |       |     1 |     3 |    20 |     2 ||    26
       Potion            |       |       |       |     4 |     6 ||    10
 Stab: Sleeping          |     1 |     9 |     5 |     6 |       ||    21
       Confused          |       |     4 |     5 |    18 |     5 ||    32
       Paralysed         |       |       |       |     2 |       ||     2
       Distracted        |       |       |       |     2 |       ||     2
  Eat: Chunk             |       |    13 |    14 |    22 |     5 ||    54
       Ration            |       |       |     1 |    10 |     2 ||    13
Armor: Skin              |       |     4 |     9 |    11 |     4 ||    28
Dodge: Dodged            |    21 |    99 |   123 |   391 |    63 ||   697
       Rpst.: Long sword |       |       |       |    93 |    11 ||   104
